 Dungeon Crawl Stone Soup version 0.26.1-2-gb8aa6d0cf2 (webtiles) character file.

Game seed: 3486922555373388567

19 Elvor the Grasshopper (level 2, 0/18 HPs)
             Began as a Gargoyle Warper on Mar 4, 2021.
             Killed from afar by a dart slug (7 damage)
             ... with a slug dart
             ... on level 1 of the Dungeon.
             The game lasted 00:03:48 (581 turns).

Elvor the Grasshopper (Gargoyle Warper)              Turns: 581, Time: 00:03:48

Health: 0/18       AC:  5    Str: 14    XL:     2   Next: 75%
Magic:  5/5        EV: 11    Int: 13    God:
Gold:   52         SH:  0    Dex:  9    Spells: 3/5 levels left

rFire    . . .     SeeInvis .   a - +0 mace
rCold    . . .     Faith    .   (no shield)
rNeg     + . .     Spirit   .   b - +0 leather armour
rPois    ∞         Reflect  .   (no helmet)
rElec    +         Harm     .   (no cloak)
rCorr    .         Rampage  .   (no gloves)
Will     .....                  (no boots)
Stlth    +.........             (no amulet)
HPRegen  0.06/turn              i - ring of flight
MPRegen  0.09/turn              (no ring)

@: no status effects
A: negative energy resistance 1, electricity resistance, unbreathing,
petrification resistance, miasma immunity, AC +2
a: Evoke Flight


You were on level 1 of the Dungeon.
You visited 1 branch of the dungeon, and saw 1 of its levels.

You collected 52 gold pieces.

Inventory:

Hand Weapons
 a - a +0 mace (weapon)
Missiles
 e - 5 boomerangs of dispersal (quivered)
 f - 2 stones
 g - 18 bolts
Armour
 b - a +0 leather armour (worn)
Jewellery
 i - a ring of flight (left hand)
Scrolls
 d - a scroll of blinking
 h - a scroll of enchant armour {unknown}
Potions
 c - a potion of might {unknown}


   Skills:
 + Level 2.3 Fighting
 * Level 2.2 Maces & Flails
 + Level 0.8 Throwing
 + Level 1.2 Armour
 + Level 1.7 Dodging
 + Level 2.0 Spellcasting
 + Level 3.2 Translocations


You had 3 spell levels left.
You knew the following spells:

 Your Spells              Type           Power        Failure   Level
a - Blink                 Tloc           N/A          12%         2

Your spell library contained the following spells:

 Spells                   Type           Power        Failure   Level
 Gell's Gravitas          Tloc           4%           24%         3
 Lesser Beckoning         Tloc           4%           24%         3
 Teleport Other           Tloc           9%           24%         3
 Passage of Golubria      Tloc           N/A          63%         4


Dungeon Overview and Level Annotations

Branches:
Dungeon (1/15)

Altars:


Innate Abilities, Weirdness & Mutations

You are resistant to torment.
Your stone body is resilient. (AC +2)
You are immune to poison.
You resist negative energy. (rN+)
You are resistant to electric shocks. (rElec)
You can survive without breathing.
You are immune to petrification.
You are immune to miasma.


Message History

The giant cockroach barely misses you.
You hit the giant cockroach.
You kill the giant cockroach!
You see here a giant cockroach corpse.
The dart slug completely misses you.
You hit the dart slug.
The dart slug is lightly wounded.
You hit the dart slug.
The dart slug is moderately wounded.
The dart slug launches a dart at you. The slug dart hits you.
You hit the dart slug but do no damage.
The dart slug is moderately wounded.
The dart slug launches a dart at you. The slug dart misses you.
You hit the dart slug.
The dart slug is almost dead.
The dart slug launches a dart at you. The slug dart hits you!
You die...

#.....?.#
#.......#
#.!.....#
##.....##
#.....#
#.....#
#.....#
#...w.#
#....@########
#...).†......#
######.......#
#.#+ #.......#
#... #.......#
#.#. #....†..#
#.#. #.......#
#.#. #.......#
#... #...)...#
#.#'


You could see a dart slug.

Vanquished Creatures
  2 giant cockroaches (D:1)
  2 hobgoblins (D:1)
  2 jackals (D:1)
  A ball python (D:1)
  A bat (D:1)
  2 frilled lizards (D:1)
  3 goblins (D:1)
  4 kobolds (D:1)
  2 rats (D:1)
19 creatures vanquished.

Notes
Turn   | Place    | Note
-------+----------+-------------------------------------------
     0 | D:1      | Elvor the Gargoyle Warper began the quest for the Orb.
     0 | D:1      | Reached XP level 1. HP: 12/12 MP: 3/3
    77 | D:1      | Reached skill level 3 in Translocations
    86 | D:1      | Reached XP level 2. HP: 8/17 MP: 5/5
    89 | D:1      | Learned a level 2 spell: Blink
   581 | D:1      | Killed from afar by a dart slug

Illustrated notes

Levels and vault maps discovered:
D:1:      shiori_arrival_maze, layout_basic, minmay_box_of_dots

Skill      XL: |  1 |
---------------+----+-----
Translocations | 3 |  3.2
Fighting       | |  2.3
Maces & Flails | |  2.2
Throwing       | |  0.8
Armour         | |  1.2
Dodging        | |  1.7
Spellcasting   | |  2.0

Action                   || total
-------------------------++-------
Melee: Mace              ||    70
Armor: Leather armour    ||    24
Dodge: Dodged            ||    36
